3AAA
SANTA BARBARA GOLDEN CRANES @ GRYFINDOR BRAVES
08/31/2023
 
TOP OF THE 1ST
Santa Barbara Golden Cranes batting - Pitching for Gryfindor Braves : LHP Lúcio Benítez
Pitching: LHP Lúcio Benítez
Batting: LHB Job Pels 0-0: Ball
1-0: SINGLE (Groundball, 6MD)
Batting: RHB Kyle Dempsey 0-0: Foul Ball, location: 2F
0-1: Ball
1-1: Ball
2-1: Foul Ball, location: 2F
2-2: Ball
Job Pels is caught stealing 2nd base
3-2: Foul Ball, location: 2F
3-2: Foul Ball, location: 2F
3-2: Strikes out looking
Batting: RHB Bill Taylor 0-0: Ball
1-0: Called Strike
1-1: Fly out, F9 (Line Drive, 9S)
Top of the 1st over - 0 run(s), 1 hit(s), 0 error(s), 0 left on base; Santa Barbara 0 - Gryfindor 0
BOTTOM OF THE 1ST
Gryfindor Braves batting - Pitching for Santa Barbara Golden Cranes : RHP Joey McCarthy
Pitching: RHP Joey McCarthy
Batting: SHB Alonso Márquez 0-0: Swinging Strike
0-1: Ball
1-1: Swinging Strike
1-2: Foul Ball, location: 2F
1-2: Ball
2-2: Strikes out swinging
Batting: RHB Michael Montgomery 0-0: Called Strike
0-1: Ball
1-1: Ball
2-1: Ball
3-1: Ground out 6-3 (Groundball, 6)
Batting: LHB Michael Smith 0-0: Called Strike
0-1: Ball
1-1: Foul Ball, location: 2F
1-2: SINGLE (Groundball, 3L)
Batting: RHB Rafael Arredondo 0-0: Called Strike
0-1: Swinging Strike
0-2: Ball
1-2: Foul Ball, location: 2F
1-2: Ball
2-2: Ground out 6-3 (Groundball, 6)
Bottom of the 1st over - 0 run(s), 1 hit(s), 0 error(s), 1 left on base; Santa Barbara 0 - Gryfindor 0
TOP OF THE 2ND
Santa Barbara Golden Cranes batting - Pitching for Gryfindor Braves : LHP Lúcio Benítez
Batting: RHB John Aston 0-0: Called Strike
0-1: Ball
1-1: Ball
2-1: Foul Ball, location: 2F
2-2: Ball
3-2: Base on Balls
Batting: LHB Sixto Álvarez 0-0: Ball
1-0: Ball
2-0: Called Strike
2-1: Swinging Strike
2-2: Ball
3-2: Foul Ball, location: 2F
3-2: Foul Ball, location: 2F
3-2: Base on Balls
John Aston to second
Batting: LHB Ron Goodwin 0-0: Foul Ball, location: 2F
0-1: Foul Ball, location: 2F
0-2: Ball
1-2: Strikes out looking
Batting: SHB Kunimichi Chikafuji 0-0: Ball
1-0: Foul Ball, location: 2F
1-1: Fly out, F9 (Flyball, 9M)
Batting: RHB Rob Thomason 0-0: Ball
1-0: Ball
2-0: Foul Ball, location: 2F
2-1: Ball
3-1: Called Strike
3-2: Ground out 1-3 (Groundball, 13S)
Top of the 2nd over - 0 run(s), 0 hit(s), 0 error(s), 2 left on base; Santa Barbara 0 - Gryfindor 0
BOTTOM OF THE 2ND
Gryfindor Braves batting - Pitching for Santa Barbara Golden Cranes : RHP Joey McCarthy
Batting: LHB Dave Lee 0-0: Ground out 4-3 (Groundball, 4)
Batting: LHB Micheal Garren 0-0: Ball
1-0: Ball
2-0: Ball
3-0: Called Strike
3-1: Fly out, F9 (Flyball, 89D)
Batting: SHB Emílio Gonzáles 0-0: Ball
1-0: Called Strike
1-1: Ball
2-1: Ball
3-1: Called Strike
3-2: Foul Ball, location: 2F
3-2: Base on Balls
Batting: SHB Reed Ramsey 0-0: Ball
1-0: Called Strike
1-1: Ball
2-1: Ball
3-1: TRIPLE (Flyball, 89XD)
Emílio Gonzáles scores
Batting: RHB Manuel González 0-0: Fly out, F9 (Flyball, 89S)
Bottom of the 2nd over - 1 run(s), 1 hit(s), 0 error(s), 1 left on base; Santa Barbara 0 - Gryfindor 1
TOP OF THE 3RD
Santa Barbara Golden Cranes batting - Pitching for Gryfindor Braves : LHP Lúcio Benítez
Batting: LHB José Meléndez 0-0: Ball
1-0: Ball
2-0: Called Strike
2-1: Ball
3-1: Called Strike
3-2: Base on Balls
Batting: LHB Job Pels 0-0: Called Strike
0-1: Foul Ball, location: 2F
0-2: 2-RUN HOME RUN (Flyball, 7D), Distance : 367 ft
Batting: RHB Kyle Dempsey 0-0: Called Strike
0-1: Ball
1-1: Ball
2-1: SINGLE (Line Drive, 7LM)
Batting: RHB Bill Taylor 0-0: Called Strike
0-1: Called Strike
0-2: Fly out, F1 (Line Drive, 13)
Batting: RHB John Aston 0-0: Ball
1-0: Ball
2-0: Ball
3-0: Base on Balls
Kyle Dempsey to second
Batting: LHB Sixto Álvarez 0-0: Ball
Kyle Dempsey is caught stealing 3rd base
John Aston to second
1-0: Foul Ball, location: 2F
1-1: Ball
2-1: SINGLE (Line Drive, 56)
John Aston to third
Batting: LHB Ron Goodwin 0-0: Ball
1-0: Fly out, F5 (Popup, 56S)
Top of the 3rd over - 2 run(s), 3 hit(s), 0 error(s), 2 left on base; Santa Barbara 2 - Gryfindor 1
BOTTOM OF THE 3RD
Gryfindor Braves batting - Pitching for Santa Barbara Golden Cranes : RHP Joey McCarthy
Batting: SHB Alonso Márquez 0-0: Ball
1-0: Swinging Strike
1-1: Called Strike
1-2: TRIPLE (Line Drive, 9LM)
Batting: RHB Michael Montgomery 0-0: Ground out 4-3 (Groundball, 4)
Alonso Márquez scores
Batting: LHB Michael Smith 0-0: Ball
1-0: Called Strike
1-1: Foul Ball, location: 2F
1-2: Strikes out swinging
Batting: RHB Rafael Arredondo 0-0: SOLO HOME RUN (Flyball, 7LD), Distance : 367 ft
Batting: LHB Dave Lee 0-0: Ball
1-0: Swinging Strike
1-1: Foul Ball, location: 2F
1-2: Foul Ball, location: 2F
1-2: Strikes out swinging
Bottom of the 3rd over - 2 run(s), 2 hit(s), 0 error(s), 0 left on base; Santa Barbara 2 - Gryfindor 3
TOP OF THE 4TH
Santa Barbara Golden Cranes batting - Pitching for Gryfindor Braves : LHP Lúcio Benítez
Batting: SHB Kunimichi Chikafuji 0-0: Ball
1-0: Foul Ball, location: 2F
1-1: Swinging Strike
1-2: Foul Ball, location: 2F
1-2: SINGLE (Line Drive, 56)
Batting: RHB Rob Thomason 0-0: Ball
Pickoff Throw to First - Error! E1
Kunimichi Chikafuji to second
1-0: Ball
2-0: Swinging Strike
2-1: Ball
3-1: Called Strike
3-2: Base on Balls
Batting: LHB José Meléndez 0-0: Foul Ball, location: 2F
0-1: Ball
1-1: Called Strike
1-2: Foul Ball, location: 2F
1-2: Ball
2-2: Fly out, F9 (Line Drive, 9M)
Batting: LHB Job Pels 0-0: Ball
1-0: Ball
2-0: Called Strike
2-1: SINGLE (Line Drive, 89S)
Kunimichi Chikafuji to third
Rob Thomason to second
Batting: RHB Kyle Dempsey 0-0: Ball
1-0: Foul Ball, location: 2F
1-1: Grounds into double play, 1-2-3 (Groundball, 23)
Top of the 4th over - 0 run(s), 2 hit(s), 1 error(s), 2 left on base; Santa Barbara 2 - Gryfindor 3
BOTTOM OF THE 4TH
Gryfindor Braves batting - Pitching for Santa Barbara Golden Cranes : RHP Joey McCarthy
Batting: LHB Micheal Garren 0-0: Ball
1-0: Called Strike
1-1: Ball
2-1: Ball
3-1: Base on Balls
Batting: SHB Emílio Gonzáles 0-0: Called Strike
0-1: Ball
1-1: Fly out, F7 (Flyball, 7LDF)
Batting: SHB Reed Ramsey 0-0: Grounds into double play, 4-6-3 (Groundball, 4)
Bottom of the 4th over - 0 run(s), 0 hit(s), 0 error(s), 0 left on base; Santa Barbara 2 - Gryfindor 3
TOP OF THE 5TH
Santa Barbara Golden Cranes batting - Pitching for Gryfindor Braves : LHP Lúcio Benítez
Batting: RHB Bill Taylor 0-0: Ball
1-0: Foul Ball, location: 2F
1-1: Ball
2-1: Ball
3-1: Base on Balls
Batting: RHB John Aston 0-0: Ball
1-0: Fly out, F8 (Flyball, 8RM)
Batting: LHB Sixto Álvarez 0-0: Ball
1-0: Foul Ball, location: 2F
1-1: Ball
2-1: Ball
3-1: Base on Balls
Bill Taylor to second
Batting: LHB Ron Goodwin 0-0: Grounds into double play, 4-6-3 (Groundball, 4)
Top of the 5th over - 0 run(s), 0 hit(s), 0 error(s), 1 left on base; Santa Barbara 2 - Gryfindor 3
BOTTOM OF THE 5TH
Gryfindor Braves batting - Pitching for Santa Barbara Golden Cranes : RHP Joey McCarthy
Batting: RHB Manuel González 0-0: Called Strike
0-1: Foul Ball, location: 2F
0-2: Ground out 5-3 (Groundball, 56)
Batting: SHB Alonso Márquez 0-0: Ball
1-0: Swinging Strike
1-1: Ground out 6-3 (Groundball, 6)
Batting: RHB Michael Montgomery 0-0: Ball
1-0: Ball
2-0: Called Strike
2-1: Ground out 5-3 (Groundball, 5)
Bottom of the 5th over - 0 run(s), 0 hit(s), 0 error(s), 0 left on base; Santa Barbara 2 - Gryfindor 3
TOP OF THE 6TH
Santa Barbara Golden Cranes batting - Pitching for Gryfindor Braves : LHP Lúcio Benítez
Batting: SHB Kunimichi Chikafuji 0-0: Ball
1-0: Ball
2-0: Foul Ball, location: 2F
2-1: Called Strike
2-2: Ball
3-2: Fly out, F8 (Flyball, 8RM)
Batting: RHB Rob Thomason 0-0: Ball
1-0: Ground out 6-3 (Groundball, 56)
Batting: LHB José Meléndez 0-0: Ball
1-0: Called Strike
1-1: Ball
2-1: SINGLE (Groundball, 3D)
Pitching: RHP Alexander Allen
Batting: LHB Job Pels 0-0: Ball
1-0: Swinging Strike
1-1: Foul Ball, location: 2F
1-2: Ball
2-2: Ball
3-2: Foul Ball, location: 2F
3-2: Ground out U3 (Groundball, 3S)
Top of the 6th over - 0 run(s), 1 hit(s), 0 error(s), 1 left on base; Santa Barbara 2 - Gryfindor 3
BOTTOM OF THE 6TH
Gryfindor Braves batting - Pitching for Santa Barbara Golden Cranes : RHP Joey McCarthy
Batting: LHB Michael Smith 0-0: Fly out, F8 (Flyball, 8RM)
Batting: RHB Rafael Arredondo 0-0: Ball
1-0: SINGLE (Line Drive, 7LS)
Batting: LHB Dave Lee 0-0: Grounds into double play, 4-6-3 (Groundball, 4)
Bottom of the 6th over - 0 run(s), 1 hit(s), 0 error(s), 0 left on base; Santa Barbara 2 - Gryfindor 3
TOP OF THE 7TH
Santa Barbara Golden Cranes batting - Pitching for Gryfindor Braves : RHP Alexander Allen
Batting: RHB Kyle Dempsey 0-0: Called Strike
0-1: Called Strike
0-2: Foul Ball, location: 2F
0-2: Ball
1-2: Strikes out swinging
Batting: RHB Bill Taylor 0-0: Ball
1-0: Ball
2-0: Ball
3-0: Called Strike
3-1: SINGLE (Line Drive, 4MD)
Batting: RHB John Aston 0-0: Ball
1-0: Ball
2-0: SINGLE (Groundball, 56D)
Bill Taylor to second
Batting: LHB Sixto Álvarez 0-0: Ball
Wild Pitch!
Bill Taylor to third
John Aston to second
1-0: Ball
2-0: Called Strike
2-1: SINGLE (Groundball, 4MD)
Bill Taylor scores
John Aston to third
Runner from 3rd tries for Home, SAFE, throw made home
Sixto Álvarez to second
Batting: LHB Ron Goodwin 0-0: Called Strike
0-1: Ball
1-1: Swinging Strike
1-2: Foul Ball, location: 2F
1-2: Ball
2-2: Strikes out swinging
Batting: SHB Kunimichi Chikafuji 0-0: Ball
1-0: Foul Ball, location: 2F
1-1: Foul Ball, location: 2F
1-2: Ball
2-2: Fly out, F4 (Popup, 4M)
Top of the 7th over - 2 run(s), 3 hit(s), 0 error(s), 1 left on base; Santa Barbara 4 - Gryfindor 3
BOTTOM OF THE 7TH
Gryfindor Braves batting - Pitching for Santa Barbara Golden Cranes : RHP Joey McCarthy
Batting: LHB Micheal Garren 0-0: Ball
1-0: Swinging Strike
1-1: Ball
2-1: Foul Ball, location: 2F
2-2: Ball
3-2: SINGLE (Line Drive, 8RS)
Batting: SHB Emílio Gonzáles 0-0: Bunt missed!
0-1: Bunt missed!
0-2: Fly out, F8 (Flyball, 8LD)
Runner from 1st tags up, SAFE at 2nd
Batting: SHB Reed Ramsey 0-0: Called Strike
0-1: Fly out, F9 (Flyball, 89M)
Runner from 2nd tags up, SAFE at 3rd with throw
Pinch Hitting: SHB Jim Unknown 0-0: Ball
1-0: Ball
2-0: Ball
3-0: Base on Balls
Batting: SHB Alonso Márquez 0-0: Foul Ball, location: 2F
0-1: SINGLE (Line Drive, 9S)
Micheal Garren scores
Jim Unknown to second
Runner from 2nd tries for 3rd, SAFE, throw made to third
Batting: RHB Michael Montgomery 0-0: Ball
1-0: Ball
2-0: Swinging Strike
2-1: Fielders Choice at 2nd, 6-4 (Groundball, 6)
Bottom of the 7th over - 1 run(s), 2 hit(s), 0 error(s), 1 left on base; Santa Barbara 4 - Gryfindor 4
TOP OF THE 8TH
Santa Barbara Golden Cranes batting - Pitching for Gryfindor Braves : RHP Alexander Allen
Now in RF: Jim Unknown
Pinch Hitting: LHB Walter Kirk 0-0: Ball
1-0: Ball
2-0: Called Strike
2-1: Foul Ball, location: 2F
2-2: Ball
3-2: Foul Ball, location: 2F
3-2: Fly out, F7 (Line Drive, 7M)
Pitching: RHP Mike Pinhey
Batting: LHB José Meléndez 0-0: Ball
1-0: Ball
2-0: Called Strike
2-1: Foul Ball, location: 2F
2-2: Reached on error, E4 (Groundball, 4)
Pinch Runner at 1st Manny Rosário:
Batting: LHB Job Pels 0-0: Called Strike
Throwing error on steal attempt, E2
Manny Rosário to third
0-1: Foul Ball, location: 2F
0-2: Ball
1-2: Ball
2-2: Foul Ball, location: 2F
2-2: Ball
3-2: SINGLE (Groundball, 56D)
Manny Rosário scores
Batting: RHB Kyle Dempsey 0-0: Ball
Job Pels steals 2nd base
1-0: Called Strike
1-1: Foul Ball, location: 2F
1-2: SINGLE (Groundball, 56D)
Job Pels to third
Batting: RHB Bill Taylor 0-0: Ball
1-0: Ball
2-0: Foul Ball, location: 2F
2-1: Called Strike
2-2: Fly out, F7 (Flyball, 7LM)
Runner from 3rd tags up, SCORES, no throw
Batting: RHB John Aston 0-0: SINGLE (Line Drive, 89S)
Kyle Dempsey to second
Batting: LHB Sixto Álvarez 0-0: Ball
1-0: Called Strike
1-1: SINGLE (Groundball, 3)
Kyle Dempsey to third
John Aston to second
Runner from 3rd tries for Home, SAFE, no throw or cutoff
Pitching: RHP Elio Maini
Batting: LHB Ron Goodwin 0-0: Ball
1-0: Ball
2-0: Called Strike
2-1: Ball
3-1: 3-RUN HOME RUN (Flyball, 89XD), Distance : 433 ft
Batting: SHB Kunimichi Chikafuji 0-0: Called Strike
0-1: Ball
1-1: Called Strike
1-2: Ball
2-2: Ball
3-2: Base on Balls
Batting: LHB Walter Kirk 0-0: Foul Ball, location: 2F
0-1: Foul Ball, location: 2F
0-2: Ball
Throwing error on steal attempt, E2
Kunimichi Chikafuji to third
1-2: Ball
2-2: Strikes out swinging
Top of the 8th over - 6 run(s), 5 hit(s), 3 error(s), 1 left on base; Santa Barbara 10 - Gryfindor 4
BOTTOM OF THE 8TH
Gryfindor Braves batting - Pitching for Santa Barbara Golden Cranes : RHP Joey McCarthy
Now in CF: Manny Rosário
Now in RF: Walter Kirk
Batting: LHB Michael Smith 0-0: Called Strike
0-1: Ball
1-1: Swinging Strike
1-2: DOUBLE (Line Drive, 9LM)
Batting: RHB Rafael Arredondo 0-0: Swinging Strike
0-1: Foul Ball, location: 2F
0-2: SINGLE (Groundball, 56D)
Michael Smith to third
Batting: LHB Dave Lee 0-0: Ball
1-0: Foul Ball, location: 2F
1-1: Called Strike
1-2: DOUBLE (Groundball, 3D)
Michael Smith scores
Rafael Arredondo to third
Runner from 3rd tries for Home, SAFE, no throw or cutoff
Pitching: LHP Doug Robinson
Batting: LHB Micheal Garren 0-0: SINGLE (Line Drive, 89S)
Dave Lee to third
Pitching: RHP Henri Pollini
Batting: SHB Emílio Gonzáles 0-0: Ball
1-0: Fly out, F8 (Flyball, 8LM)
Runner from 3rd tags up, SCORES, throw made
Batting: SHB Reed Ramsey 0-0: Ball
1-0: Foul Ball, location: 2F
1-1: SINGLE (Groundball, 34)
Micheal Garren to second
Runner from 2nd tries for 3rd, SAFE, throw made to third
Reed Ramsey to second
Batting: RHB Jim Unknown 0-0: Called Strike
0-1: Ground out 6-3 (Groundball, 56)
Micheal Garren scores
Batting: SHB Alonso Márquez 0-0: SINGLE (Line Drive, 8RS)
Reed Ramsey to third
Runner from 3rd tries for Home, SAFE, no throw or cutoff
Batting: RHB Michael Montgomery 0-0: Ground out 4-3 (Groundball, 4)
Bottom of the 8th over - 5 run(s), 6 hit(s), 0 error(s), 1 left on base; Santa Barbara 10 - Gryfindor 9
TOP OF THE 9TH
Santa Barbara Golden Cranes batting - Pitching for Gryfindor Braves : RHP Elio Maini
Batting: LHB Manny Rosário 0-0: Ball
1-0: Foul Ball, location: 2F
1-1: Foul Ball, location: 2F
1-2: Ball
2-2: Fly out, F8 (Flyball, 8RM)
Batting: LHB Job Pels 0-0: Fly out, F5 (Popup, 5F)
Batting: RHB Kyle Dempsey 0-0: Ball
1-0: Called Strike
1-1: Ball
2-1: Ball
3-1: Base on Balls
Batting: RHB Bill Taylor 0-0: Called Strike
0-1: Foul Ball, location: 2F
0-2: Strikes out looking
Top of the 9th over - 0 run(s), 0 hit(s), 0 error(s), 1 left on base; Santa Barbara 10 - Gryfindor 9
BOTTOM OF THE 9TH
Gryfindor Braves batting - Pitching for Santa Barbara Golden Cranes : RHP Henri Pollini
Pitching: RHP Chance Wiley
Now at 3B: Jake Hutchinson
Batting: LHB Michael Smith 0-0: Called Strike
0-1: Ball
1-1: Called Strike
1-2: Ball
2-2: Ball
3-2: Strikes out looking
Batting: RHB Rafael Arredondo 0-0: Ball
1-0: Foul Ball, location: 2F
1-1: Ball
2-1: Foul Ball, location: 2F
2-2: Strikes out swinging
Batting: LHB Dave Lee 0-0: Ground out 4-3 (Groundball, 4)
Bottom of the 9th over - 0 run(s), 0 hit(s), 0 error(s), 0 left on base; Santa Barbara 10 - Gryfindor 9
This league is powered by Out of the Park Baseball, the baseball management simulation game for PC, Mac and Linux
Friday, July 8th, 2016 - OOTP Baseball 16.9 Build 39